 Dungeon Crawl Stone Soup version 0.23-a0-558-g30802b1 (webtiles) character file.

228 iamserjio the Skirmisher (level 6, 0/45 HPs)
             Began as an Octopode Wanderer on Dec 12, 2018.
             Was an Initiate of Ru.
             Killed from afar by an orc wizard (14 damage)
             ... with a puff of flame
             ... on level 3 of the Dungeon.
             The game lasted 00:05:35 (3690 turns).

iamserjio the Skirmisher (Octopode Wanderer)        Turns: 3690, Time: 00:05:36

Health: 0/45       AC:  1    Str: 14    XL:     6   Next: 2%
Magic:  7/7        EV: 14    Int: 14    God:    Ru [......]
Gold:   215        SH:  0    Dex: 11    Spells: 5/5 levels left

rFire    . . .     SeeInvis .   a - +2 mace
rCold    . . .     Gourm    .   (no shield)
rNeg     . . .     Faith    .   (helmet restricted)
rPois    .         Spirit   .   (no amulet)
rElec    .         Reflect  .   q - ring of protection from magic
rCorr    +         Harm     .   r - ring of resist corrosion
MR       +....                  (no ring)
Stlth    ++........             (no ring)
HPRegen  0.15/turn              (no ring)
MPRegen  0.10/turn              (no ring)
                                (no ring)
                                (no ring)

@: no status effects
A: almost no armour, stealthy swim, amphibious, 8 rings, constrict 8, camouflage
1, gelatinous body 1
a: Renounce Religion


You were on level 3 of the Dungeon.
You worshipped Ru.
Ru was noncommittal.
You were not hungry.

You visited 2 branches of the dungeon, and saw 5 of its levels.

You collected 215 gold pieces.

Inventory:

Hand Weapons
 a - a +2 mace (weapon)
 b - a +0 shortbow
 i - a +0 spear
 j - a +0 short sword
 m - a +0 hunting sling
 A - a +0 blowgun
 E - a +2 quarterstaff of chaos
Missiles
 c - 60 arrows
 e - 197 stones (quivered)
 o - 3 javelins
 B - 17 poisoned needles
Jewellery
 q - a ring of protection from magic (left tentacle)
 r - a ring of resist corrosion (right tentacle)
Scrolls
 k - 2 scrolls of immolation {unknown}
 l - 4 scrolls of teleportation {unknown}
 n - 2 scrolls of remove curse {unknown}
 s - a scroll of enchant armour {unknown}
 t - a scroll of random uselessness {unknown}
 y - a scroll of magic mapping {unknown}
 z - a scroll of blinking {unknown}
 D - a scroll of noise {unknown}
Potions
 d - a potion of curing {@q1}
 g - a potion of flight
 h - 4 potions of lignification
 p - 2 potions of might
 v - a potion of cancellation
 w - a potion of brilliance {unknown}
 x - a potion of heal wounds {unknown}
 C - a potion of berserk rage {unknown}
Comestibles
 f - 8 rations
 u - 4 chunks of flesh


   Skills:
 + Level 5.2 Fighting
 + Level 3.6 Maces & Flails
 - Level 1.0 Bows
 * Level 4.3 Dodging
   Level 2.1 Evocations


You had 5 spell levels left.
You didn't know any spells.
Your spell library was empty.

Dungeon Overview and Level Annotations

Branches:
Dungeon (4/15)             Temple (1/1) D:4

Altars:
Ashenzari
Cheibriados
Dithmenos
Elyvilon
Fedhas
Gozag
Hepliaklqana
Makhleb
Nemelex Xobeh
Okawaru
Qazlal
Ru
Sif Muna
Uskayaw
Vehumet
Wu Jian
Xom
Yredelemnul
The Shining One


Innate Abilities, Weirdness & Mutations

You cannot wear most types of armour.
You are very stealthy in the water. (Stealth+)
You are amphibious.
You can wear up to eight rings at the same time.
You can use your tentacles to constrict eight enemies at once.
Your skin changes colour to match your surroundings (Stealth+).
Your rubbery body absorbs attacks. (AC +1, EV +1)


Message History

The magic dart hits you!
You closely miss the orc wizard. Your grab misses the orc wizard.
You squeeze the orc wizard.
The orc wizard hits you with a +0 dagger. x2
You are too injured to fight recklessly!
You are too injured to fight recklessly!
You are too injured to fight recklessly!
You are too injured to fight recklessly!
You are too injured to fight recklessly!
You are too injured to fight recklessly!
You hit the orc wizard. Your grab misses the orc wizard.
Your squeeze misses the orc wizard. The orc wizard barely misses you.
You closely miss the orc wizard. You grab the orc wizard.
You constrict the orc wizard. The orc wizard misses you.
The orc wizard hits you with a +0 dagger.
You hit the orc wizard. You constrict the orc wizard.
The orc wizard casts a cantrip, but nothing happens.
The orc wizard casts a spell at you. The puff of flame hits you!
You die...

#.........################.###.#
#.........##..........#..÷..##.#
##.##########.########.#.##..##.#
.......# #.# #.#.#.÷....#
##.###.## #.########.#.#...####
#.# #..# #.#........#.#...# # #.#
##.## #.#.#####..#.#...# #
##.####..####.#o....#..#.#...# #
................@...#..#÷#...# #
##.#####......#..##.#........# #
#.# #...8..#..##.#....#...####
#.# #(.8_8.#..##.#....#.[.....
#.######..8.......)#....#.######
#.#.............##.#....#.......
#.#.#####.###......#....########
#.#.# #.###.#.#).#....########
#.#.# #..##.#....#............


You could see an orc wizard.

Vanquished Creatures
  Crazy Yiuf (D:3)
  An orc wizard (D:3)
  Terence (D:2)
  4 adders
  3 oozes
  5 worms
  A dart slug (D:3)
  A leopard gecko (D:2)
  4 orcs
  4 bats
  A giant cockroach (D:1)
  10 goblins
  10 hobgoblins
  4 jackals (D:4)
  12 kobolds
  3 quokkas
  3 frilled lizards
  7 rats
75 creatures vanquished.

Notes
Turn   | Place    | Note
-------+----------+-------------------------------------------
     0 | D:1      | iamserjio the Octopode Wanderer began the quest for the
                  | Orb.
     0 | D:1      | iamserjio set off with the following items: a +2 mace, a +0
                  | shortbow, 21 arrows, a potion of curing {@q1}, a ration
     0 | D:1      | Reached XP level 1. HP: 18/18 MP: 2/2
    41 | D:1      | Reached skill level 1 in Dodging
    54 | D:1      | Reached XP level 2. HP: 21/24 MP: 3/3
   845 | D:1      | Reached XP level 3. HP: 27/29 MP: 4/4
  1214 | D:2      | Reached XP level 4. HP: 35/35 MP: 5/5
  1463 | D:2      | Found a sparkling altar of Nemelex Xobeh.
  1747 | D:2      | Noticed Terence
  1756 | D:2      | Killed Terence
  2199 | D:2      | Reached XP level 5. HP: 38/39 MP: 6/6
  2331 | D:3      | Found a faded altar of an unknown god.
  2586 | D:3      | Found a stormy altar of Qazlal.
  2961 | D:3      | Found a runed door.
  3012 | D:3      | Found a deep blue altar of Sif Muna.
  3014 | D:3      | Found a white marble altar of Elyvilon.
  3193 | D:3      | Noticed Crazy Yiuf
  3199 | D:3      | Killed Crazy Yiuf
  3316 | D:4      | Found a shadowy altar of Dithmenos.
  3342 | D:4      | Found a staircase to the Ecumenical Temple.
  3351 | Temple   | Entered the Ecumenical Temple
  3398 | Temple   | Became a worshipper of Ru the Awakened
  3591 | D:4      | Reached XP level 6. HP: 45/45 MP: 7/7
  3690 | D:3      | Killed from afar by an orc wizard

Vault maps used:
D:1:      minmay_arrival_diagonal_passages
D:2:      nemelex_xobeh_ov_fountains_minmay, first_ration, uniq_terence
D:3:      grunt_temple_overflow_open, overflow_temple_1_default,
          chequers_ecumenical_altar_simple, uniq_crazy_yiuf_cottage
D:4:      nicolae_dithmenos_through_a_glass_darkly, kennysheep_vampire_church,
          minmay_temple_entry_water_ring
Temple:   eino_temple_water

Skill      XL: |  1  2  3  4  5 |
---------------+----------------+-----
Dodging        | 1 2 3 4 |  4.3
Maces & Flails | 3 |  3.6
Fighting       | |  5.2
Bows           | |  1.0
Evocations     | |  2.1

Action                   |  1- 3 |  4- 6 || total
-------------------------+-------+-------++-------
Melee: Mace              |    53 |    92 ||   145
       Constrict         |    11 |    22 ||    33
       Tentacles         |     3 |    18 ||    21
  Use: Scroll            |       |     4 ||     4
 Stab: Sleeping          |     6 |     4 ||    10
  Eat: Chunk             |     1 |     8 ||     9
Armor: Skin              |     1 |     3 ||     4
Dodge: Dodged            |    29 |    66 ||    95

Table legend:
 A = Non-vault XP
 B = Vault XP
 C = Vault XP percentage of total XP
 D = Non-vault monster count
 E = Vault monster count
 F = Vault count percentage of total count
                 A         B        C        D         E       F
            +---------+---------+-------+---------+---------+-------
      Total |     246 |      80 |  24.5 |      73 |       2 |   2.7
            +---------+---------+-------+---------+---------+-------
        D:1 |      35 |       0 |   0.0 |      18 |       0 |   0.0
        D:2 |      94 |      36 |  27.7 |      27 |       1 |   3.6
        D:3 |      87 |      44 |  33.6 |      20 |       1 |   4.8
        D:4 |      30 |       0 |   0.0 |       8 |       0 |   0.0
            +---------+---------+-------+---------+---------+-------
